 Dungeon Crawl Stone Soup version 0.30-a0-1176-gcdfb0321a8 (webtiles) character file.

Game seed: 2918317041825115959

3581 Morbidden the Conjurer (level 9, -4/73 HPs)
             Began as a Pale Draconian Conjurer on Apr 30, 2023.
             Was a Follower of Cheibriados.
             Killed from afar by an acid dragon (32 damage)
             ... with a splash of acid
             ... on level 8 of the Dungeon.
             The game lasted 00:11:04 (6894 turns).

Morbidden the Conjurer (Pale Draconian Conjurer)    Turns: 6894, Time: 00:11:04

Health: -4/73      AC:  0    Str:  9    XL:     9   Next: 84%
Magic:  5/18       EV: 13    Int: 25    God:    Cheibriados [*.....]
Gold:   390        SH:  0    Dex: 12    Spells: 13/20 levels left

rFire   . . .        a - +7 lajatang "Suagyegh" {flame, rC+}
rCold   + . .        (shield currently unavailable)
rNeg    . . .        (body armour unavailable)
rPois   .            (helmet restricted)
rElec   .            j - +0 cloak
rCorr   .            (no gloves)
SInv    .            (no boots)
Will    ++...        l - amulet of magic regeneration
Stlth   ++           E - ring of willpower
HPRegen 0.32/turn    (no ring)
MPRegen 0.56/turn

%: no passive effects
@: corroded, very slightly contaminated, very slow
A: breathe steam, AC +7, unfitting armour, cold-blooded, steam resistance,
antennae 1, strong-willed 1, sense surroundings 1, weak 1
a: Breathe Steam, Renounce Religion, Bend Time


You were on level 8 of the Dungeon.
You worshipped Cheibriados.
Cheibriados was aware of your devotion.
You visited 1 branch of the dungeon, and saw 8 of its levels.

You collected 390 gold pieces.

Inventory:

Hand Weapons
 a - the +7 lajatang "Suagyegh" (weapon) {flame, rC+}
   (You found it on level 3 of the Dungeon)

   rC:        It protects you from cold.
Missiles
 v - 5 curare-tipped darts
 A - 5 javelins
 C - 4 boomerangs
 D - 20 poisoned darts
Armour
 j - a +0 cloak (worn)
Magical Staves
 b - the staff of conjuration "Utteunastre" {rPois Stlth+}
   (You found it on level 7 of the Dungeon)

   [staff of conjuration]

   Base accuracy: +5 Base damage: 5 Base attack delay: 1.2 This weapon's minimum
   attack delay (0.6) is reached at skill level 12.
   rPois:     It protects you from poison.
   Stlth:     It makes you more stealthy.
   It falls into the 'Staves' category.
   It is a one-handed weapon.
Jewellery
 l - an amulet of magic regeneration (around neck)
 E - a ring of willpower (left hand)
Wands
 r - a wand of light (1)
Scrolls
 c - 3 scrolls of enchant weapon
 d - 3 scrolls of fear
 e - 2 scrolls of identify {unknown}
 f - 3 scrolls of torment {unknown}
 g - a scroll of silence {unknown}
 h - 5 scrolls of noise {unknown}
 i - 5 scrolls of teleportation {unknown}
 k - 2 scrolls of blinking {unknown}
 m - 2 scrolls of summoning {unknown}
 n - a scroll of vulnerability {unknown}
 p - a scroll of magic mapping {unknown}
 q - a scroll of enchant armour {unknown}
 s - a scroll of fog {unknown}
 u - a scroll of poison {unknown}
 y - a scroll of brand weapon {unknown}
Potions
 o - a potion of haste {unknown}
 w - 3 potions of degeneration {unknown}
 x - 2 potions of flight {unknown}
 z - 4 potions of brilliance {unknown}
 B - 2 potions of attraction {unknown}
 F - 3 potions of curing
 G - a potion of invisibility


   Skills:
 * Level 4.9 Fighting
 * Level 6.0 Staves
 * Level 5.0 Dodging
 + Level 3.0 Stealth
 + Level 1.7 Unarmed Combat
 * Level 6.4 Spellcasting
 * Level 7.7 Conjurations
 * Level 1.6 Translocations
 * Level 2.1 Invocations
 * Level 1.8 Evocations


You had 13 spell levels left.
You knew the following spells:

 Your Spells              Type           Power      Damage    Failure   Level
a - Magic Dart            Conj           100%       1d8       1%          1
b - Searing Ray           Conj           92%        2d7       1%          2
z - Iskenderun's Mystic   Conj/Tloc      31%        2d8       11%         4

Your spell library contained the following spells:

 Spells                   Type           Power      Damage    Failure   Level
 Apportation              Tloc           32%        N/A       3%          1
 Dazzling Flash           Conj/Hex       54%        N/A       4%          3
 Stone Arrow              Conj/Erth      54%        3d10      4%          3
 Necrotise                Necr           32%        1d5       7%          1
 Summon Small Mammal      Summ           32%        N/A       7%          1
 Fulminant Prism          Conj/Hex       13%        3d9       14%         4
 Summon Guardian Golem    Hex/Summ       8%         N/A       22%         3
 Orb of Destruction       Conj           23%        9d8       94%         7
 Spellforged Servitor     Conj/Summ      13%        N/A       100%        7
 Lehudib's Crystal Spear  Conj/Erth      13%        10d5      100%        8
 Animate Armour           Summ/Erth      Unusable   N/A       N/A         4

Dungeon Overview and Level Annotations

Branches:
Dungeon (8/15)             Temple (0/1) D:6
   Lair: D:8-11

Altars:
Ashenzari
Cheibriados
Qazlal
Uskayaw


Innate Abilities, Weirdness & Mutations

You can breathe blasts of scalding, opaque steam.
Your pale cyan-grey scales are hard. (AC +7)
You cannot fit into any form of body armour.
You are cold-blooded and may be slowed by cold attacks.
You are immune to the effects of steam.
You have a pair of small antennae on your head.
You are strong-willed. (Will+)
You passively map a small area around you.
You are weak. (Str -2)


Message History

Unknown command.
Unknown command.
Unknown command.
You slash the sleepcap! You burn the sleepcap.
You destroy the sleepcap!
Cheibriados appreciates the change of pace.
You have got your breath back.
The acid dragon bites you but does no damage.
The acid dragon claws you. The acid dragon closely misses you. x2
Unknown command.
Unknown command.
You barely miss the acid dragon.
You tail-slap the acid dragon, but do no damage.
You feel sick.
You are no longer poisoned.
The acid dragon barely misses you. The acid dragon claws you.
Unknown command.
You closely miss the acid dragon. The acid dragon spits acid at you.
The splash of acid hits you!
* * * LOW HITPOINT WARNING * * *
The acid corrodes you!
Unknown command.
You hit the acid dragon. You burn the acid dragon.
The acid dragon is moderately wounded.
The acid dragon misses you. The acid dragon barely misses you.
Unknown command.
You barely miss the acid dragon.
You tail-slap the acid dragon, but do no damage.
The acid dragon is moderately wounded.
The acid dragon closely misses you. The acid dragon claws you.
* * * LOW HITPOINT WARNING * * *
Unknown command.
You feel much better. The acid dragon closely misses you.
The acid dragon claws you.
You hit the acid dragon but do no damage.
The acid dragon is moderately wounded.
The acid dragon spits acid at you. The splash of acid hits you!!
You die...

, , , , * , *,
#.......... ,, ∩
#####.......... *
.#.....[......... *,
,...#.#........#.# , ,
#........[...... ######
#.#.#........#.#
......###...............
#..@....#........#.# ,
.###...D...............
...........#...<.†.....
,
....................)...
............###.........
..#.#.#)#)### ##########
.........>..######
..#.#.#..).......# ,, ,
.......###.#......


You could see an acid dragon (catching breath).

Vanquished Creatures
  Grinder (D:3)
  A hornet (D:8)
  2 wyverns
  2 steam dragons
  Duvessa (D:5)
  An ice beast (D:4)
  4 sky beasts
  2 orc warriors
  A black bear (D:4)
  2 ogres
  2 centaurs
  A phantom (D:4)
  2 kobold brigands
  2 bullfrogs
  3 scorpions (D:5)
  Dowan (D:5)
  2 hounds (D:5)
  2 jellies
  6 orc priests
  Ijyb (D:3)
  A sleepcap (D:8)
  Natasha (thrice) (D:3)
  6 iguanas
  6 orc wizards
  3 adders
  A shadow imp (D:5)
  3 white imps
  An ufetubus (D:5)
  A worm (D:1)
  4 dart slugs
  21 orcs
  7 endoplasms
  A giant cockroach (D:2)
  7 goblins
  8 hobgoblins
  8 jackals
  17 kobolds
  2 quokkas
  4 ball pythons
  7 bats
  5 frilled lizards
  7 rats
162 creatures vanquished.

Notes
Turn   | Place    | Note
-------+----------+-------------------------------------------
     0 | D:1      | Morbidden the Draconian Conjurer began the quest for the
                  | Orb.
     0 | D:1      | Reached XP level 1. HP: 14/14 MP: 3/3
   128 | D:1      | Reached XP level 2. HP: 22/22 MP: 0/5
   485 | D:1      | Learned a level 2 spell: Searing Ray
   967 | D:2      | Reached XP level 3. HP: 27/27 MP: 2/6
  1055 | D:2      | Reached skill level 1 in Fighting
  1817 | D:3      | Noticed Natasha
  1821 | D:3      | Killed Natasha
  1822 | D:3      | Reached skill level 1 in Unarmed Combat
  1822 | D:3      | Reached XP level 4. HP: 33/35 MP: 1/8
  1872 | D:3      | Noticed Natasha
  1876 | D:3      | Killed Natasha
  2066 | D:3      | Noticed Grinder
  2071 | D:3      | Paralysed by Grinder for 3 turns
  2076 | D:3      | Gained mutation: Your body sometimes deteriorates upon
                  | taking damage. [potion of mutation]
  2076 | D:3      | Gained mutation: You are frail. (-10% HP) [potion of
                  | mutation]
  2076 | D:3      | Gained mutation: You are strong-willed. (Will+) [potion of
                  | mutation]
  2083 | D:3      | Killed Grinder
  2084 | D:3      | Reached skill level 5 in Conjurations
  2084 | D:3      | Reached XP level 5. HP: 22/36 MP: 4/10
  2084 | D:3      | Reached XP level 6. HP: 26/43 MP: 4/11
  2179 | D:3      | Noticed Natasha
  2187 | D:3      | Killed Natasha
  2451 | D:3      | Found a hide-covered altar of Uskayaw.
  2451 | D:3      | Found a broken altar of Ashenzari.
  2582 | D:3      | Identified the +7 lajatang "Suagyegh" {flame, rC+}
  2903 | D:3      | Noticed Ijyb
  2917 | D:3      | Killed Ijyb
  3251 | D:4      | Lost mutation: You are frail. (-10% HP) [potion of
                  | mutation]
  3251 | D:4      | Lost mutation: Your body sometimes deteriorates upon taking
                  | damage. [potion of mutation]
  3251 | D:4      | Gained mutation: You passively map a small area around you.
                  | [potion of mutation]
  3251 | D:4      | Gained mutation: You have a pair of small antennae on your
                  | head. [potion of mutation]
  3251 | D:4      | Gained mutation: You are weak. (Str -2) [potion of
                  | mutation]
  3314 | D:4      | Reached skill level 1 in Staves
  3314 | D:4      | Your scales start taking on a pale cyan-grey colour.
  3314 | D:4      | Reached XP level 7. HP: 48/56 MP: 13/13
  3314 | D:4      | Gained mutation: You are immune to the effects of steam.
                  | [Pale Draconian growth]
  3717 | D:4      | Noticed a wyvern
  3721 | D:4      | Killed a wyvern
  3995 | D:4      | Learned a level 4 spell: Iskenderun's Mystic Blast
  4027 | D:5      | Entered Level 5 of the Dungeon
  4036 | D:5      | Reached XP level 8. HP: 63/63 MP: 8/14
  4057 | D:5      | Reached skill level 6 in Conjurations
  4593 | D:5      | Noticed Duvessa
  4595 | D:5      | Noticed Dowan
  4600 | D:5      | Killed Duvessa
  4601 | D:5      | Reached skill level 5 in Spellcasting
  4601 | D:5      | Killed Dowan
  4984 | D:6      | Reached skill level 7 in Conjurations
  5198 | D:6      | Reached XP level 9. HP: 67/71 MP: 17/17
  5211 | D:6      | Found a snail-covered altar of Cheibriados.
  5224 | D:6      | Reached skill level 5 in Staves
  5231 | D:6      | Became a worshipper of Cheibriados the Contemplative
  5366 | D:6      | Found a staircase to the Ecumenical Temple.
  5721 | D:7      | Found a stormy altar of Qazlal.
  5849 | D:7      | Reached skill level 1 in Invocations
  5996 | D:7      | Reached skill level 1 in Translocations
  5996 | D:7      | Reached skill level 1 in Evocations
  6283 | D:7      | Identified the staff of conjuration "Utteunastre" {rPois
                  | Stlth+}
  6807 | D:8      | Reached skill level 5 in Dodging
  6852 | D:8      | Reached * piety under Cheibriados
  6894 | D:8      | Killed from afar by an acid dragon

Illustrated notes

Levels and vault maps discovered:
D:1:      psy_arrival_basics, layout_basic
D:2:      layout_basic, grunt_ministairs_6, chequers_avenue
D:3:      layout_basic, mainiacjoe_overflow_divided_tiny, minmay_between,
          uniq_grinder, uniq_ijyb, uniq_natasha
D:4:      layout_loops_cross
D:5:      layout_basic, uniq_duvessa
D:6:      layout_loops_ring, cheibriados_altar_1,
          minmay_temple_entry_proselytizer
D:7:      layout_loops_corners, kennysheep_mini_moat, corexii_corridor_pit
D:8:      layout_rooms, nicolae_hepliaklqana_hazy_memory, serial_glass,
          glass_columns_b, glass_columns_a, glass_columns_c, glass_columns_b,
          glass_columns_a, nicolae_shop_overcharged_wands, uniq_maurice

Skill      XL: |  1  2  3  4  5  6  7  8  9 |
---------------+----------------------------+-----
Dodging        | 2 3 4 5 |  5.0
Fighting       | 1 2 3 4 |  4.9
Unarmed Combat | 1 |  1.7
Stealth        | 2 3 |  3.0
Spellcasting   | 3 4 5 6 |  6.4
Conjurations   | 5 7 |  7.7
Staves         | 1 3 4 6 |  6.0
Invocations    | 2 |  2.1
Translocations | 1 |  1.6
Evocations     | 1 |  1.8

Action                     |  1- 3 |  4- 6 |  7- 9 || total
---------------------------+-------+-------+-------++-------
  Melee: Unarmed           |    54 |     4 |       ||    58
         Tailslap          |     9 |     3 |    12 ||    24
         Punch             |     1 |       |       ||     1
         Lajatang          |       |    20 |    87 ||   107
   Cast: Magic Dart        |    72 |    49 |   112 ||   233
         Searing Ray       |     2 |     6 |    27 ||    35
         Iskenderun's Myst |       |       |     8 ||     8
Ability: Breathe Steam     |       |       |    18 ||    18
  Evoke: Wand              |       |     1 |     1 ||     2
    Use: Potion            |       |     5 |     2 ||     7
         Scroll            |       |       |     2 ||     2
   Stab: Invisible         |       |     2 |       ||     2
         Sleeping          |       |       |     2 ||     2
 Armour: Skin              |    19 |    16 |    51 ||    86
  Dodge: Dodged            |    37 |    29 |    92 ||   158

Table legend: (Time is in decaauts)
 A = Elapsed time spent in this place.
 B = Non-inter-level travel time spent in this place.
 C = Inter-level travel time spent in this place.
 D = Time resting spent in this place.
 E = Time spent auto-exploring this place.
 F = Levels seen in this place.
 G = Mean time per level.
                   A        B        C        D        E       F      G
               +--------+--------+--------+--------+--------+-----+--------+
         Total |   7302 |   7031 |    271 |    335 |   5666 |   8 |  912.8 |
       Dungeon |   7302 |   7031 |    271 |    335 |   5666 |   8 |  912.8 |
               +--------+--------+--------+--------+--------+-----+--------+

Top non-repeatable levels by time:
     D:7: 1440 daAuts
     D:3: 1329 daAuts
     D:4: 996 daAuts
     D:6: 976 daAuts
     D:1: 887 daAuts
     D:2: 834 daAuts
     D:5: 732 daAuts
     D:8: 104 daAuts
